 Seeded DCSS version 0.30-a0-122-g2a1322497e (webtiles) character file.

Game seed: 16807136602010514265 (custom seed)

177 SigmundSlayer the Grave Robber (level 5, -1/35 HPs)
             Began as a Demonspawn Necromancer on Sept 16, 2022.
             Slain by a black bear (4 damage)
             ... on level 5 of the Dungeon.
             The game lasted 00:06:07 (2885 turns).

SigmundSlayer the Grave Robber (DsNe)               Turns: 2885, Time: 00:06:07

Health: -1/35      AC:  3    Str:  8    XL:     5   Next: 30%
Magic:  0/9        EV: 12    Int: 18    God:
Gold:   121        SH:  0    Dex: 14    Spells: 2/10 levels left

rFire   . . .      SeeInvis .    a - staff of death
rCold   . . .      Faith    .    (no shield)
rNeg    + . .      Spirit   .    d - +1 robe
rPois   .          Reflect  .    (helmet restricted)
rElec   .          Harm     .    (no cloak)
rCorr   .          Rampage  .    (no gloves)
Will    .....                    (no boots)
Stlth   ++........               (no amulet)
HPRegen 0.11/turn                (no ring)
MPRegen 0.11/turn                (no ring)

@: no status effects
A: horns 1, foul stench 1
a: no special abilities


You were on level 5 of the Dungeon.
You visited 1 branch of the dungeon, and saw 4 of its levels.

You collected 121 gold pieces.

Inventory:

Armour
 d - a +1 robe (worn)
Magical Staves
 a - a staff of death (weapon)
Scrolls
 i - a scroll of silence
 k - a scroll of enchant weapon
Potions
 b - a potion of magic
 c - a potion of might {unknown}
 e - a potion of cancellation {unknown}
 f - 2 potions of resistance {unknown}
 h - a potion of curing {unknown}
 j - 2 potions of heal wounds {unknown}


   Skills:
 - Level 1.7 Dodging
 - Level 1.7 Stealth
 - Level 3.0 Spellcasting
 + Level 6.7 Necromancy


You had 2 spell levels left.
You knew the following spells:

 Your Spells              Type           Power      Damage    Failure   Level
a - Necrotise             Necr           100%       1d9       1%          1
b - Vampiric Draining     Necr           40%        2d8       3%          3
c - Animate Dead          Necr           40%        N/A       10%         4

Your spell library contained the following spells:

 Spells                   Type           Power      Damage    Failure   Level
 Beastly Appendage        Tmut           4%         N/A       16%         1
 Wereblood                Tmut           2%         N/A       24%         2
 Agony                    Necr           40%        N/A       28%         5
 Spider Form              Tmut/Pois      2%         N/A       43%         3


Dungeon Overview and Level Annotations

Branches:
Dungeon (3/15)

Altars:
Makhleb
Ru

Shops:
D:1 [

Annotations:
D:3 2 runed translucent doors


Innate Abilities, Weirdness & Mutations

You have a pair of small horns on your head.
You may rarely emit foul miasma when damaged in melee.


Message History

The black bear misses you.
The black bear claws you but does no damage.
The black bear claws you.
You feel a surge of power!
The black bear writhes in agony.
The black bear misses you. The black bear closely misses you. x2
You feel a surge of power!
The black bear writhes in agony.
The black bear bites you. The black bear claws you.
The black bear claws you but does no damage.
You feel a surge of power!
The black bear barely resists.
The black bear bites you but does no damage.
The black bear misses you.
The black bear claws you but does no damage.
Aiming: Necrotise (safe; 1% risk of failure)
Press: ? - help, Q - select action, (/) - cycle Shift-Dir - straight line, f/p - black bear
Aim: a black bear (severely wounded, chance to affect: 83%)
You feel a surge of power!
The black bear writhes in agony.
The black bear goes berserk!
Aiming: Necrotise (safe; 1% risk of failure)
Press: ? - help, Q - select action, (/) - cycle Shift-Dir - straight line, f/p - black bear
Aim: a black bear (almost dead, berserk, chance to affect: 83%)
You feel a surge of power!
The black bear writhes in agony.
The black bear closely misses you. x2; The black bear claws you.
Aiming: Necrotise (safe; 1% risk of failure)
Press: ? - help, Q - select action, (/) - cycle Shift-Dir - straight line, f/p - black bear
Aim: a black bear (almost dead, berserk, chance to affect: 83%)
You feel a surge of power!
The black bear writhes in agony.
The black bear bites you. The black bear closely misses you. x2
The black bear barely misses you. The black bear closely misses you.
The black bear completely misses you. The black bear completely misses you.
The black bear claws you.
* * * LOW HITPOINT WARNING * * *
The black bear misses you.
Found 7 stones.
The black bear attacks as you move away!
The black bear bites you.
* * * LOW HITPOINT WARNING * * *
The black bear claws you.
* * * LOW HITPOINT WARNING * * *
The black bear claws you.
You die...

############
#.[..$.....#
#..........####. .
#..........#...(..
#!...........##^..
#......h@........
#...............##
#.............#...
##............# .
###..######..# ....
##.######..
#.###.####..........
#. ##.#.....#####...
#....###.#


You could see a black bear (berserk).

Vanquished Creatures
  A bullfrog (D:3)
  An orc wizard (D:3)
  3 adders
  A worm (D:2)
  2 orcs (D:3)
  3 bats
  An endoplasm (D:1)
  3 giant cockroaches
  5 goblins
  6 hobgoblins
  4 quokkas
  8 ball pythons
  4 frilled lizards
  4 kobolds
  4 rats
50 creatures vanquished.

Vanquished Creatures (collateral kills)
  A bat (D:1)
  A goblin (D:1)
2 creatures vanquished.

Grand Total: 52 creatures vanquished

Notes
Turn   | Place    | Note
-------+----------+-------------------------------------------
     0 | D:1      | SigmundSlayer the Demonspawn Necromancer began the quest
                  | for the Orb.
     0 | D:1      | Reached XP level 1. HP: 13/13 MP: 3/3
   252 | D:1      | Gained mutation: You have a pair of small horns on your
                  | head. [demonic ancestry]
   252 | D:1      | Reached XP level 2. HP: 19/19 MP: 1/5
   301 | D:1      | Found Giaf's Armour Shop.
   344 | D:1      | Reached skill level 5 in Necromancy
  1140 | D:2      | Gained mutation: You may rarely emit foul miasma when
                  | damaged in melee. [demonic ancestry]
  1140 | D:2      | Reached XP level 3. HP: 9/24 MP: 2/6
  1328 | D:2      | Learned a level 3 spell: Vampiric Draining
  1957 | D:2      | Reached skill level 6 in Necromancy
  2013 | D:2      | Found a sacrificial altar of Ru.
  2473 | D:3      | Reached XP level 4. HP: 30/30 MP: 3/7
  2559 | D:3      | Noticed a bullfrog
  2564 | D:3      | Killed a bullfrog
  2565 | D:3      | Reached XP level 5. HP: 29/35 MP: 5/9
  2574 | D:3      | Learned a level 4 spell: Animate Dead
  2847 | D:3      | Found a burning altar of Makhleb.
  2849 | D:3      | Found a runed translucent gate.
  2850 | D:3      | Found a runed translucent gate.
  2850 | D:3      | You fall into a shaft and drop 2 floors!
  2850 | D:5      | Entered Level 5 of the Dungeon
  2868 | D:5      | Noticed a black bear
  2885 | D:5      | Slain by a black bear

Illustrated notes

Levels and vault maps discovered:
D:1:      amcnicky_arrival_wind_blow, layout_loops_ring, serial_shops,
          nicolae_shop_temple_entry_statues_fountains,
          chequers_serial_rivers_small_b, minmay_misc_feat_cross
D:2:      layout_loops_ring, basic_altar
D:3:      layout_rooms, bloody_makhleb, ebering_ghost_rock_garden, st_stairs_4
D:5:      layout_rooms

Skill      XL: |  1  2  3  4 |
---------------+-------------+-----
Necromancy     | 5 6 |  6.7
Spellcasting   | 3 |  3.0
Dodging        | |  1.7
Stealth        | |  1.7

Action                   |  1- 3 |  4- 6 || total
-------------------------+-------+-------++-------
Melee: Staff             |     2 |       ||     2
 Cast: Necrotise         |    80 |    30 ||   110
       Animate Dead      |       |     1 ||     1
  Use: Scroll            |     7 |       ||     7
Armor: Robe              |     4 |     5 ||     9
Dodge: Dodged            |    17 |    14 ||    31

Table legend: (Time is in decaauts)
 A = Elapsed time spent in this place.
 B = Non-inter-level travel time spent in this place.
 C = Inter-level travel time spent in this place.
 D = Time resting spent in this place.
 E = Time spent auto-exploring this place.
 F = Levels seen in this place.
 G = Mean time per level.
                   A        B        C        D        E       F      G
               +--------+--------+--------+--------+--------+-----+--------+
         Total |   2884 |   2850 |     34 |    642 |   1675 |   4 |  721.0 |
       Dungeon |   2884 |   2850 |     34 |    642 |   1675 |   4 |  721.0 |
               +--------+--------+--------+--------+--------+-----+--------+

Top non-repeatable levels by time:
     D:2: 1192 daAuts
     D:1: 1109 daAuts
     D:3: 547 daAuts
     D:5: 34 daAuts
